 Dungeon Crawl Stone Soup version 0.32-a0-913-g739538afd8 (webtiles) character file.

Game seed: 448391291367344083

7790 LobsterGuardian the Covert (level 11, -10/62 HPs)
             Began as a Kobold Warper on Apr 5, 2024.
             Was a Follower of Yredelemnul.
             Killed from afar by an acid dragon (33 damage)
             ... with a splash of acid
             ... on level 11 of the Dungeon on Apr 10, 2024.
             The game lasted 00:33:29 (8409 turns).

LobsterGuardian the Covert (Kobold Warper)          Turns: 8409, Time: 00:33:30

Health: -10/62     AC:  1    Str:  8    XL:     11   Next: 43%
Magic:  11/21      EV: 22    Int: 15    God:    Yredelemnul [*.....]
Gold:   415        SH:  0    Dex: 19    Spells: 16/23 levels left

rFire   + . .        q - +3 dagger (elec)
rCold   . . .        k - orb {guile}
rNeg    + . .        b - +0 leather armour
rPois   .            (no helmet)
rElec   +            r - +0 cloak
rCorr   .            f - +0 pair of gloves
SInv    .            (no boots)
Will    .....        (no amulet)
Stlth   ++++++++     n - ring of Ilosis {rElec rN+ Will++}
HPRegen 0.30/turn    e - +5 ring of evasion
MPRegen 0.17/turn

%: no passive effects
@: corroded, wreathed by umbra
A: small, no large weapons, nightstalker 3, fire resistance 1
a: Renounce Religion, Light the Black Torch, Recall Undead Harvest


You were on level 11 of the Dungeon.
You worshipped Yredelemnul.
Yredelemnul was noncommittal.
You visited 1 branch of the dungeon, and saw 9 of its levels.

You collected 415 gold pieces.

Inventory:

Hand Weapons
 q - a +3 dagger of electrocution (weapon)
Missiles
 d - 7 darts of dispersal
 u - a curare-tipped dart
 z - 14 poisoned darts
Armour
 b - a +0 leather armour (worn)
 f - a +0 pair of gloves (worn)
 k - an orb of guile (worn)
 r - a +0 cloak (worn)
Jewellery
 e - a +5 ring of evasion (right hand)
 n - the ring of Ilosis (left hand) {rElec rN+ Will++}
   (You found it on level 2 of the Dungeon)

   [ring of positive energy]

   rElec:     It insulates you from electricity.
   rN+:       It protects you from negative energy.
   Will++:    It greatly increases your willpower.
 o - a +4 ring of protection
 v - a +6 ring of strength
 x - a ring of resist corrosion
 A - an amulet of reflection
Wands
 w - a wand of flame (27)
Scrolls
 c - a scroll of blinking
 i - 3 scrolls of vulnerability
 p - 2 scrolls of fear
 s - 2 scrolls of fog
 t - 2 scrolls of amnesia
Potions
 a - a potion of mutation
 g - a potion of cancellation {unknown}
 h - a potion of brilliance
 j - a potion of might
 l - a potion of curing
 m - a potion of lignification {unknown}


   Skills:
 + Level 4.8 Fighting
 + Level 7.2 Short Blades
 - Level 1.1 Throwing
 - Level 1.0 Armour
 + Level 6.8 Dodging
 + Level 13.9 Stealth
 + Level 6.9 Spellcasting
 - Level 5.0 Hexes
 - Level 5.0 Translocations
 - Level 3.0 Ice Magic
 - Level 5.0 Invocations


You had 16 spell levels left.
You knew the following spells:

 Your Spells              Type           Power      Damage    Failure   Level
a - Blink                 Tloc           40%        N/A       3%          2
b - Maxwell's Portable P  Tloc           20%        2d(7-19)  8%          3
c - Ensorcelled Hibernat  Hex/Ice        34%        N/A       5%          2

Your spell library contained the following spells:

 Spells                   Type           Power      Damage    Failure   Level
 Apportation              Tloc           40%        N/A       2%          1
 Jinxbite                 Hex            40%        N/A       3%          2
 Lesser Beckoning         Tloc           40%        N/A       3%          2
 Teleport Other           Tloc           20%        N/A       8%          3
 Fugue of the Fallen      Necr           5%         N/A       50%         3
 Anguish                  Hex/Necr       6%         N/A       56%         4
 Vhi's Electric Charge    Tloc/Air       24%        N/A       56%         4
 Alistair's Intoxication  Alch           3%         N/A       99%         5


Dungeon Overview and Level Annotations

Branches:
Dungeon (8/15)             Temple (0/1) D:5            Lair (0/5) D:11

Altars:
Makhleb
Yredelemnul

Annotations:
D:6 1 transporter, GiantSquids's ghost, amateur MDFi
D:11 3 runed translucent doors


Innate Abilities, Weirdness & Mutations

You are small and have problems with some larger weapons.
You are completely attuned to the shadows.
Your flesh is heat resistant. (rF+)


Message History

Confirm with . or Enter, or press ? or * to list all spells.
Aiming: Ensorcelled Hibernation (safe; 5% risk of failure)
Press: ? - help, Shift-Dir - straight line, f/p - acid dragon
Aim: an acid dragon (severely wounded, ally target, umbra, chance to affect: 67%)
The acid dragon resists with some effort.
Your wolf zombie bites the acid dragon.
The acid dragon bites your wolf zombie.
Your wolf zombie is destroyed!
The acid dragon roars!
Unknown command.
Casting: Ensorcelled Hibernation (safe; 5% risk of failure)
Confirm with . or Enter, or press ? or * to list all spells.
Aiming: Ensorcelled Hibernation (safe; 5% risk of failure)
Press: ? - help, Shift-Dir - straight line, f/p - acid dragon
Aim: an acid dragon (severely wounded, ally target, umbra, chance to affect: 67%)
The acid dragon resists with some effort.
The acid dragon completely misses you. The acid dragon barely misses you.
Unknown command.
Casting: Ensorcelled Hibernation (safe; 5% risk of failure)
Confirm with . or Enter, or press ? or * to list all spells.
Aiming: Ensorcelled Hibernation (safe; 5% risk of failure)
Press: ? - help, Shift-Dir - straight line, f/p - acid dragon
Aim: an acid dragon (severely wounded, ally target, umbra, chance to affect: 67%)
The acid dragon looks drowsy...
A yak comes into view.
Your orc wizard zombie hits the acid dragon.
You barely miss the acid dragon.
The acid dragon is almost dead.
Casting: Ensorcelled Hibernation (safe; 5% risk of failure)
Confirm with . or Enter, or press ? or * to list all spells.
Aiming: Ensorcelled Hibernation (safe; 5% risk of failure)
Press: ? - help, Shift-Dir - straight line, f - yak, p - acid dragon
Aim: a yak (chance to affect: 67%)
Okay, then.
You closely miss the acid dragon.
The acid dragon is almost dead.
The acid dragon spits acid at you. The splash of acid hits you!!
Ouch! That really hurt!
You die...
Your body rises from the dead as a mindless zombie.

##....##..............#
#....##.....##.....#.#
##........<.##.....#.#
#..###.##..##.....'
#......###.......Y#
#.##########.#....#
#.........##.#....#
###########.##..Z...#
..# #.####@Z.!# #.# #.#
#.D..# #.#########.#
#.#### #...........#
#.# ############# #.#


You could see a yak, an acid dragon (catching breath, ally target), a friendly
manticore zombie and a friendly orc wizard zombie.

Vanquished Creatures
  A boulder beetle (D:11)
  Amaemon (D:8)
  A cyclops (D:11)
  A manticore (D:11)
  An orange demon (D:8)
  A rime drake (D:11)
  A vampire (D:11)
  A wyvern (D:8)
  A wraith (D:11)
  4 yaks (D:11)
  A water moccasin (D:4)
  An ice beast (D:11)
  2 sky beasts
  3 black bears
  An orc warrior (D:8)
  A wolf (D:11)
  An ogre (D:6)
  2 kobold brigands
  2 bullfrogs (D:8)
  9 scorpions
  4 wights (D:8)
  2 killer bees (D:8)
  A howler monkey (D:4)
  2 bombardier beetles
  4 hounds
  A jelly (D:8)
  An orc priest (D:4)
  2 sleepcaps (D:5)
  2 iguanas
  4 orc wizards
  Robin (D:3)
  12 adders
  4 gnolls (D:5)
  A shadow imp (D:8)
  A white imp (D:7)
  2 ufetubi (D:6)
  2 dart slugs
  29 orcs
  6 endoplasms
  3 giant cockroaches
  17 goblins
  6 hobgoblins
  8 jackals
  10 kobolds
  5 quokkas
  17 ball pythons
  9 bats
  3 frilled lizards
  3 rats
  A butterfly (D:5)
199 creatures vanquished.

Vanquished Creatures (collateral kills)
  A boulder beetle (D:11)
  A polar bear (D:11)
  A wraith (D:11)
  3 ice beasts (D:11)
  A black bear (D:5)
  2 wolves (D:11)
  2 hounds
  An orc priest (D:6)
  A jelly (D:6)
  4 orcs
17 creatures vanquished.

Vanquished Creatures (others)
  2 wolf zombies (D:11)
  2 bullfrog zombies (D:8)
  A killer bee zombie (D:8)
  An ice beast zombie (D:11)
  9 orc zombies
  A spectral shadow imp (D:8)
  A gnoll zombie (D:5)
17 creatures vanquished.

Grand Total: 233 creatures vanquished

Notes
Turn   | Place    | Note
-------+----------+-------------------------------------------
     0 | D:1      | LobsterGuardian the Kobold Warper began the quest for the
                  | Orb.
     0 | D:1      | Reached XP level 1. HP: 12/12 MP: 3/3
   116 | D:1      | Reached XP level 2. HP: 16/17 MP: 5/5
   119 | D:1      | Learned a level 2 spell: Blink
   155 | D:1      | Found a faded altar of an unknown god.
   407 | D:1      | Reached XP level 3. HP: 11/21 MP: 6/6
   746 | D:2      | Reached skill level 1 in Armour
   872 | D:2      | Learned a level 3 spell: Maxwell's Portable Piledriver
   954 | D:2      | Reached XP level 4. HP: 26/26 MP: 8/8
   954 | D:2      | Identified the ring of Ilosis {rElec rN+ Will++}
  1023 | D:1      | Reached skill level 1 in Stealth
  1692 | D:2      | Gained mutation: Your body sometimes deteriorates upon
                  | taking damage. [potion of mutation]
  1692 | D:2      | Gained mutation: You have an increased reservoir of magic.
                  | (+10% MP) [potion of mutation]
  1692 | D:2      | Gained mutation: Your muscles are strong. (Str +4, Int/Dex
                  | -1) [potion of mutation]
  1774 | D:3      | Upgraded the game from 0.32-a0-898-g7811c86cf0 to
                  | 0.32-a0-909-gc671339a80
  1811 | D:3      | Noticed Robin
  1818 | D:3      | Killed Robin
  2013 | D:3      | Noticed a scorpion
  2041 | D:3      | Killed a scorpion
  2042 | D:3      | Reached skill level 2 in Stealth
  2042 | D:3      | Reached XP level 5. HP: 14/31 MP: 10/10
  2201 | D:3      | Found a burning altar of Makhleb.
  2204 | D:3      | Noticed a green death
  2433 | D:3      | Reached XP level 6. HP: 36/36 MP: 11/11
  2979 | D:3      | Reached skill level 3 in Stealth
  3087 | D:4      | Reached skill level 4 in Stealth
  3087 | D:4      | Reached XP level 7. HP: 41/41 MP: 12/12
  3089 | D:4      | Noticed a water moccasin
  3101 | D:4      | Killed a water moccasin
  3102 | D:4      | Reached skill level 5 in Short Blades
  3187 | D:4      | Reached skill level 5 in Stealth
  3224 | D:4      | Learned a level 2 spell: Ensorcelled Hibernation
  3428 | D:4      | Reached XP level 8. HP: 28/48 MP: 13/13
  3606 | D:4      | Reached skill level 6 in Stealth
  3744 | D:4      | Reached skill level 1 in Hexes
  3744 | D:4      | Reached skill level 5 in Translocations
  3744 | D:4      | Reached skill level 1 in Ice Magic
  3745 | D:4      | Lost mutation: Your body sometimes deteriorates upon taking
                  | damage. [potion of mutation]
  3745 | D:4      | Lost mutation: Your muscles are strong. (Str +4, Int/Dex
                  | -1) [potion of mutation]
  3745 | D:4      | Lost mutation: You have an increased reservoir of magic.
                  | (+10% MP) [potion of mutation]
  3745 | D:4      | Gained mutation: Your flesh is heat resistant. (rF+)
                  | [potion of mutation]
  3939 | D:4      | Found a basalt altar of Yredelemnul.
  4093 | D:4      | Became a worshipper of Yredelemnul the Fallen
  4149 | D:5      | Entered Level 5 of the Dungeon
  4200 | D:5      | Found a staircase to the Ecumenical Temple.
  4353 | D:5      | Reached skill level 7 in Stealth
  4359 | D:5      | Reached skill level 1 in Invocations
  4976 | D:6      | Reached XP level 9. HP: 52/52 MP: 10/13
  5402 | D:6      | Reached skill level 5 in Dodging
  5402 | D:6      | Reached skill level 8 in Stealth
  5905 | D:6      | Identified the +1 dire flail of Crystal {freeze, Int+6}
  5905 | D:6      | Identified the +2 dire flail "Baen" {chaos, rCorr SInv}
  5905 | D:6      | Noticed a two-headed ogre
  5907 | D:6      | Noticed GiantSquids's ghost (amateur MDFi)
  5909 | D:6      | Found a transporter.
  6563 | D:7      | Upgraded the game from 0.32-a0-909-gc671339a80 to
                  | 0.32-a0-913-g739538afd8
  6995 | D:8      | Reached * piety under Yredelemnul
  7129 | D:8      | Reached skill level 9 in Stealth
  7223 | D:8      | Noticed an orange demon
  7224 | D:8      | Noticed Amaemon
  7455 | D:8      | Reached XP level 10. HP: 57/57 MP: 16/16
  7487 | D:8      | Killed an orange demon
  7495 | D:8      | Killed Amaemon
  7496 | D:8      | Reached skill level 10 in Stealth
  7496 | D:8      | Reached skill level 5 in Hexes
  7606 | D:8      | You fall into a shaft and drop 3 floors!
  7639 | D:11     | Noticed a manticore
  7644 | D:11     | Killed a manticore
  7645 | D:11     | Reached skill level 5 in Spellcasting
  7645 | D:11     | Reached skill level 5 in Invocations
  7695 | D:11     | Reached skill level 11 in Stealth
  7713 | D:11     | Found a staircase to the Lair.
  7783 | D:11     | Noticed a rime drake
  7946 | D:11     | Noticed a boulder beetle
  7953 | D:11     | Killed a boulder beetle
  7954 | D:11     | Reached skill level 12 in Stealth
  7954 | D:11     | Reached XP level 11. HP: 32/62 MP: 14/19
  7974 | D:11     | Noticed a boulder beetle
  7989 | D:11     | Noticed a cyclops
  8000 | D:11     | Killed a cyclops
  8005 | D:11     | Killed a boulder beetle
  8006 | D:11     | Reached skill level 13 in Stealth
  8264 | D:11     | Found a runed translucent gate.
  8279 | D:11     | Found a runed translucent gate.
  8280 | D:11     | Found a runed translucent gate.
  8409 | D:11     | Killed from afar by an acid dragon

Illustrated notes

Levels and vault maps discovered:
D:1:      lemuel_arrival_tunnels, layout_rooms,
          ebering_ecumenical_altar_abandoned
D:2:      kennysheep_big_flooded_room, layout_rooms, minmay_fractal_squares_5
D:3:      layout_loops_cross, makhleb_altar_promises_db, minmay_snake_closets,
          uniq_robin
D:4:      layout_loops_ring, kennysheep_little_box
D:5:      layout_basic, minmay_temple_entry_butterflies
D:6:      layout_basic, gammafunk_ghost_smash
D:7:      layout_basic
D:8:      layout_loops_ring, xom_teletrap_fun, enter_bailey_4,
          minmay_increasing_density, uniq_amaemon, uniq_pikel
D:11:     layout_basic, hellmonk_lair_entry_icy, gammafunk_ghost_cemetery

Skill      XL: |  1  2  3  4  5  6  7  8  9 10 11 |
---------------+----------------------------------+-----
Short Blades   | 3 4 5 6 7 |  7.2
Armour         | 1 |  1.0
Dodging        | 3 4 5 6 |  6.8
Stealth        | 2 4 5 7 9 12 13 | 13.9
Spellcasting   | 3 4 5 6 |  6.9
Translocations | 4 5 |  5.0
Fighting       | 3 4 |  4.8
Hexes          | 2 4 5 |  5.0
Ice Magic      | 2 3 |  3.0
Invocations    | 1 4 5 |  5.0
Throwing       | |  1.1

Action                     |  1- 3 |  4- 6 |  7- 9 | 10-12 || total
---------------------------+-------+-------+-------+-------++-------
  Melee: Short sword       |   141 |    28 |       |       ||   169
         Dagger            |       |   143 |   254 |    61 ||   458
   Cast: Blink             |     5 |     4 |     4 |     1 ||    14
         Maxwell's Portabl |     1 |     5 |     4 |     2 ||    12
         Ensorcelled Hiber |       |       |    28 |    18 ||    46
 Invoke: Light the Black T |       |       |     3 |       ||     3
         Recall Undead Har |       |       |       |     1 ||     1
  Evoke: Wand              |       |       |     3 |     1 ||     4
    Use: Scroll            |       |    11 |     5 |     1 ||    17
         Potion            |       |     5 |     5 |     1 ||    11
   Stab: Sleeping          |     7 |    16 |    32 |    15 ||    70
         Invisible         |       |       |     4 |       ||     4
         Distracted        |       |       |     7 |     1 ||     8
 Armour: Leather armour    |    52 |    75 |    62 |    18 ||   207
  Dodge: Dodged            |    85 |   146 |   228 |    45 ||   504

Table legend: (Time is in decaauts)
 A = Elapsed time spent in this place.
 B = Non-inter-level travel time spent in this place.
 C = Inter-level travel time spent in this place.
 D = Time resting spent in this place.
 E = Time spent auto-exploring this place.
 F = Levels seen in this place.
 G = Mean time per level.
                   A        B        C        D        E       F      G
               +--------+--------+--------+--------+--------+-----+--------+
         Total |   8240 |   7805 |    435 |      0 |   6429 |   9 |  915.6 |
       Dungeon |   8240 |   7805 |    435 |      0 |   6429 |   9 |  915.6 |
               +--------+--------+--------+--------+--------+-----+--------+

Top non-repeatable levels by time:
     D:3: 1285 daAuts
     D:4: 1141 daAuts
     D:2: 936 daAuts
     D:8: 876 daAuts
     D:5: 840 daAuts
     D:1: 807 daAuts
     D:6: 806 daAuts
    D:11: 787 daAuts
     D:7: 759 daAuts
